 Dungeon Crawl Stone Soup version 0.30-a0-364-gf6b3ef1049 (webtiles) character file.

Game seed: 11713493308734642038

23735 LnG the Unseen (level 13, -8/79 HPs)
             Began as a Kobold Summoner on Nov 14, 2022.
             Shot with an arrow by a centaur warrior (12 damage)
             ... on level 13 of the Dungeon.
             The game lasted 01:03:54 (16344 turns).

LnG the Unseen (Kobold Summoner)                   Turns: 16344, Time: 01:03:54

Health: -8/79      AC:  8    Str:  5    XL:     13   Next: 37%
Magic:  15/23      EV: 21    Int: 21    God:
Gold:   724        SH:  0    Dex: 16    Spells: 13/26 levels left

rFire   + + .      SeeInvis +    o - +2 dagger (vamp)
rCold   x . .      Faith    .    (no shield)
rNeg    . . .      Spirit   .    C - +2 robe {rF+}
rPois   .          Reflect  .    c - +0 helmet
rElec   .          Harm     .    g - +1 cloak
rCorr   .          Rampage  .    J - +0 pair of gloves
Will    .....                    (no boots)
Stlth   ++++++++..               j - amulet of regeneration
HPRegen 1.13/turn                n - ring of see invisible
MPRegen 0.18/turn                d - ring of fire

@: no status effects
A: small, no large weapons, nightstalker 3
a: no special abilities


You were on level 13 of the Dungeon.
You visited 2 branches of the dungeon, and saw 14 of its levels.
You also visited: Bailey.

You collected 724 gold pieces.

Inventory:

Hand Weapons
 o - a +2 vampiric dagger (weapon)
 A - a +2 rapier of protection
 E - a +3 dagger
Armour
 a - a +0 robe
 c - a +0 helmet (worn)
 g - a +1 cloak (worn)
 z - a +2 robe
 C - a +2 robe of fire resistance (worn)
 D - the +5 ice dragon scales of the Boiling Point {rPois rF- rC++ rN++ Regen+ Slay-2}
   (You found it in a bailey)

   Slay:      It affects your accuracy & damage with ranged weapons and melee
   (-2).
   rF:        It makes you vulnerable to fire.
   rC:        It greatly protects you from cold.
   rPois:     It protects you from poison.
   rN:        It greatly protects you from negative energy.
   Regen:     It increases your rate of health regeneration.
 J - a +0 pair of gloves (worn)
Jewellery
 d - a ring of fire (right hand)
 j - an amulet of regeneration (around neck)
 n - a ring of see invisible (left hand)
 I - an amulet of reflection
Wands
 p - a wand of flame (9)
 v - a wand of mindburst (16)
 w - a wand of digging (5)
 y - a wand of acid (7)
Scrolls
 e - 2 scrolls of torment
 t - a scroll of blinking {unknown}
 u - a scroll of amnesia
 F - a scroll of noise
 G - a scroll of enchant weapon
 H - a scroll of enchant armour
Potions
 b - 3 potions of magic
 f - a potion of flight
 h - 2 potions of attraction
 i - 3 potions of resistance {unknown}
 k - a potion of degeneration {unknown}
 l - a potion of curing
 m - 3 potions of brilliance
 q - a potion of cancellation {unknown}
 s - 3 potions of might {unknown}
 x - 3 potions of lignification {unknown}
 B - a potion of mutation {unknown}
 K - a potion of berserk rage {unknown}


   Skills:
 * Level 8.3 Fighting
 + Level 8.7 Short Blades
 * Level 11.2 Dodging
 * Level 19.5 Stealth
 + Level 7.1 Spellcasting
 + Level 1.7 Hexes
 + Level 7.8 Summonings
 + Level 2.3 Air Magic
 + Level 1.0 Evocations


You had 13 spell levels left.
You knew the following spells:

 Your Spells              Type           Power      Damage    Failure   Level
a - Summon Small Mammal   Summ           100%       N/A       1%          1
b - Call Imp              Summ           40%        N/A       1%          2
c - Call Canine Familiar  Summ           40%        N/A       1%          3
d - Summon Guardian Gole  Hex/Summ       27%        N/A       3%          3
e - Summon Lightning Spi  Summ/Air       28%        N/A       11%         4

Your spell library contained the following spells:

 Spells                   Type           Power      Damage    Failure   Level
 Kiss of Death            Conj/Necr      28%        2d7       9%          1
 Magic Dart               Conj           28%        1d4       9%          1
 Confusing Touch          Hex            14%        N/A       13%         3
 Mephitic Cloud           Conj/Pois/Air  10%        N/A       19%         3
 Airstrike                Air            8%         2d(2-18)  32%         4
 Summon Forest            Summ/Tloc      11%        N/A       43%         5
 Dispel Undead            Necr           7%         3d8       65%         4
 Lightning Bolt           Conj/Air       6%         1d18      83%         5
 Freezing Cloud           Conj/Ice/Air   5%         6-21      87%         5
 Summon Hydra             Summ           20%        N/A       96%         7
 Eringya's Noxious Bog    Tmut/Pois      3%         N/A       100%        6
 Simulacrum               Ice/Necr       3%         N/A       100%        6
 Malign Gateway           Summ/Tloc      11%        N/A       100%        7
 Summon Horrible Things   Summ           20%        N/A       100%        8
 Polar Vortex             Ice            3%         N/A       100%        9


Dungeon Overview and Level Annotations

Branches:
Dungeon (13/15)            Temple (1/1) D:6            Lair (0/5) D:8
    Orc (0/2) D:11         Bailey (visited)
 Vaults: D:13-14

Altars:
Ashenzari
Cheibriados
Elyvilon
Fedhas
Gozag
Hepliaklqana
Kikubaaqudgha
Nemelex Xobeh
Qazlal
Ru
Sif Muna
Vehumet
Wu Jian
Xom
Yredelemnul
The Shining One

Annotations:
D:4 Dowan, Duvessa
D:9 3 runed translucent doors
D:12 1 runed translucent door


Innate Abilities, Weirdness & Mutations

You are small and have problems with some larger weapons.
You are completely attuned to the shadows.


Message History

Your wolf bites the ogre mage.
The two-headed ogre closely misses your wolf. x2
The ogre mage closely misses your wolf.
The centaur warrior shoots an arrow.
The arrow hits you.
Your wolf barely misses the ogre mage.
Your lightning spire shoots out a bolt of lightning at the ogre mage!
The bolt of electricity hits your wolf!
Your wolf dies!
Your wolf's corpse disappears in a puff of smoke!
The bolt of electricity hits the ogre mage! x2
You hear a shout!
The centaur warrior shoots an arrow.
The arrow closely misses you.
The centaur warrior shoots an arrow.
The arrow completely misses you.
The centaur warrior shoots an arrow.
The arrow hits you!!
The centaur warrior shoots an arrow.
The arrow barely misses you.
The centaur warrior shoots an arrow.
The arrow hits you! Something hits your lightning spire.
Something barely misses your lightning spire.
You see here a +1 vorpal shortbow.
The centaur warrior shoots an arrow.
The arrow completely misses you.
The centaur warrior shoots an arrow.
The arrow hits you!
Things that are here:
a +0 giant spiked club; a +0 dire flail; a two-headed ogre corpse The centaur warrior shoots an arrow.
The arrow hits you!
* * * LOW HITPOINT WARNING * * *
A centaur warrior comes into view. It is carrying a wand of digging (2).
The centaur warrior shouts!
You hit the centaur warrior but do no damage.
The centaur warrior shoots an arrow.
The arrow hits you!
* * * LOW HITPOINT WARNING * * *
You hear a shout!
The centaur warrior wields a +0 longbow.
The centaur warrior shoots an arrow.
The arrow barely misses you.
The centaur warrior shoots an arrow.
The arrow hits you!
* * * LOW HITPOINT WARNING * * *
You hear a shout! x2
As you read the scroll of fog, it crumbles to dust.
The scroll dissolves into smoke.
The centaur warrior shoots an arrow.
The arrow completely misses you.
The centaur warrior shoots an arrow.
The arrow hits you!
You die...

#.# #.# # #)# ..###.#
.....)## .##..c## #.....#
##..c############
#..§§@§§.......#
#..c##########.# ##.##
#.# ##'## #.# ##...## #.#
### ##.....## ###.# #..
##.......## ##.#.# #.#
#.........## #.<..#####.#
+.........'..............


You could see 2 centaur warriors.

Vanquished Creatures
  2 two-headed ogres
  A boulder beetle (D:12)
  A deep elf pyromancer (D:12)
  An ugly thing (D:13)
  2 cyclopes
  A manticore (D:12)
  2 gargoyles
  2 unseen horrors
  An efreet (D:10)
  4 trolls
  3 slime creatures (D:12)
  A vampire (Bailey)
  2 wraiths (D:9)
  Sigmund (D:6)
  A wyvern (D:8)
  10 yaks
  A steam dragon (D:9)
  Menkaure (D:6)
  3 vampire mosquitoes
  An acid dragon (D:10)
  An orc warrior (D:10)
  An ice beast (D:8)
  A black bear (D:7)
  2 sky beasts
  3 wolves (D:8)
  3 centaurs
  A phantom (D:5)
  2 scorpions
  2 bullfrogs
  A necrophage (D:6)
  2 wights
  2 killer bees (D:8)
  6 electric eels
  2 vampire bats (Bailey)
  5 howler monkeys
  A lava snake (D:12)
  A wolf zombie (Bailey)
  3 hounds
  11 orc priests
  2 jellies
  Natasha (twice) (D:3)
  3 iguanas (D:5)
  7 orc wizards
  A gnoll (D:7)
  5 adders
  4 river rats (D:6)
  3 shadow imps
  2 white imps (D:6)
  An ufetubus (D:5)
  2 dart slugs
  33 orcs
  6 ball pythons
  5 bats
  8 endoplasms
  6 giant cockroaches
  6 hobgoblins
  2 jackals (D:2)
  11 kobolds
  2 quokkas
  A frilled lizard (D:3)
  11 goblins
  20 orc zombies (Bailey)
  18 rats
  A spectral orc (D:9)
253 creatures vanquished.

Vanquished Creatures (collateral kills)
  A boulder beetle (D:10)
  A two-headed ogre (D:10)
  2 cyclopes
  An unseen horror (D:8)
  2 slime creatures (D:12)
  3 shadows
  A vampire (D:10)
  3 wraiths
  2 yaks
  2 orc warriors
  A nameless horror (D:12)
  An ice beast (D:5)
  An ogre (D:5)
  A phantom (D:4)
  3 centaurs
  A kobold brigand (D:7)
  A scorpion (D:6)
  A necrophage (D:5)
  3 wights
  2 jellies
  3 killer bees (D:8)
  5 vampire bats (Bailey)
  2 wolf zombies (Bailey)
  A howler monkey (D:11)
  An electric eel (D:11)
  3 hounds
  An orc priest (D:9)
  An iguana (D:6)
  9 orc wizards
  Robin (D:2)
  2 gnolls (D:7)
  An orc zombie (Bailey)
  An adder (D:4)
  2 river rats (D:6)
  A shadow imp (D:7)
  18 orcs
  A ball python (D:1)
  An endoplasm (D:1)
  7 goblins
  5 hobgoblins
  5 quokkas
  2 bats (D:1)
  2 frilled lizards (D:1)
  2 kobolds
  4 rats (D:6)
114 creatures vanquished.

Vanquished Creatures (others)
  A two-headed ogre (D:10)
  A wizard (D:10)
  A gargoyle (D:12)
  A yak (D:12)
  2 nameless horrors (D:12)
  A sky beast (D:8)
  2 orc warriors (D:6)
  A necrophage (D:8)
  A wight (D:6)
  A gnoll bouda (D:4)
  2 river rats (D:6)
  3 orcs
17 creatures vanquished.

Grand Total: 384 creatures vanquished

Notes
Turn   | Place    | Note
-------+----------+-------------------------------------------
     0 | D:1      | LnG the Kobold Summoner began the quest for the Orb.
     0 | D:1      | Reached XP level 1. HP: 10/10 MP: 3/3
   120 | D:1      | Reached XP level 2. HP: 15/15 MP: 3/5
   199 | D:1      | Learned a level 2 spell: Call Imp
   273 | D:1      | Reached skill level 3 in Stealth
   338 | D:1      | Upgraded the game from 0.30-a0-360-g447f08457e to
                  | 0.30-a0-364-gf6b3ef1049
   359 | D:1      | Reached XP level 3. HP: 20/20 MP: 6/6
   363 | D:1      | Learned a level 3 spell: Call Canine Familiar
  1427 | D:2      | Reached XP level 4. HP: 24/24 MP: 7/7
  1745 | D:2      | Reached skill level 4 in Stealth
  1827 | D:2      | Reached skill level 1 in Short Blades
  1828 | D:2      | Noticed Robin
  1978 | D:2      | Killed Robin
  1979 | D:2      | Reached skill level 1 in Fighting
  2099 | D:2      | Reached XP level 5. HP: 29/29 MP: 8/8
  2308 | D:3      | Noticed Natasha
  2312 | D:3      | Killed Natasha
  2313 | D:3      | Reached skill level 5 in Stealth
  2353 | D:3      | Noticed Natasha
  2361 | D:3      | Killed Natasha
  3070 | D:4      | Learned a level 3 spell: Summon Guardian Golem
  3080 | D:4      | Reached XP level 6. HP: 21/34 MP: 3/10
  3271 | D:4      | Noticed Dowan
  3272 | D:4      | Noticed Duvessa
  3496 | D:5      | Entered Level 5 of the Dungeon
  3525 | D:5      | Noticed a yak
  3586 | D:5      | Noticed an ice beast
  3616 | D:5      | Killed an ice beast
  3617 | D:5      | Reached skill level 6 in Stealth
  3617 | D:5      | Reached XP level 7. HP: 39/40 MP: 4/11
  3750 | D:5      | Reached skill level 5 in Summonings
  3917 | D:5      | Reached skill level 7 in Stealth
  4031 | D:5      | Reached XP level 8. HP: 45/45 MP: 13/13
  4210 | D:5      | Reached skill level 8 in Stealth
  4486 | D:4      | Reached skill level 5 in Dodging
  4913 | D:6      | Found a staircase to the Ecumenical Temple.
  4917 | Temple   | Entered the Ecumenical Temple
  5172 | D:6      | Reached XP level 9. HP: 33/52 MP: 10/15
  5496 | D:6      | Noticed Menkaure
  5510 | D:6      | Killed Menkaure
  5511 | D:6      | Reached skill level 9 in Stealth
  5541 | D:5      | Learned a level 4 spell: Summon Lightning Spire
  5625 | D:6      | Found a stormy altar of Qazlal.
  5684 | D:6      | Reached skill level 5 in Short Blades
  6454 | D:6      | Noticed Sigmund
  6460 | D:6      | Killed Sigmund
  6461 | D:6      | Reached skill level 10 in Stealth
  6630 | D:7      | Found a flagged portal.
  6644 | Bailey   | Entered a bailey
  6851 | Bailey   | Reached XP level 10. HP: 58/58 MP: 17/17
  6868 | Bailey   | Reached skill level 5 in Fighting
  6960 | Bailey   | Noticed a gargoyle
  6964 | Bailey   | Killed a gargoyle
  6965 | Bailey   | Reached skill level 11 in Stealth
  7066 | Bailey   | Identified the +5 ice dragon scales of the Boiling Point
                  | {rPois rF- rC++ rN++ Regen+ Slay-2}
  8156 | D:8      | Reached skill level 17 in Stealth
  8156 | D:8      | Reached XP level 11. HP: 64/64 MP: 18/18
  8196 | D:8      | Found a white marble altar of Elyvilon.
  8311 | D:8      | Reached skill level 18 in Stealth
  8528 | D:8      | Found a staircase to the Lair.
  8564 | D:8      | Reached skill level 1 in Hexes
  8803 | D:8      | Reached skill level 5 in Spellcasting
  9891 | D:9      | Found a basalt altar of Yredelemnul.
  9908 | D:9      | Found a runed translucent gate.
  9936 | D:9      | Found a runed translucent gate.
  9936 | D:9      | Found a runed translucent gate.
 10114 | D:10     | Entered Level 10 of the Dungeon
 10480 | D:10     | Noticed a two-headed ogre
 10640 | D:10     | Killed a two-headed ogre
 10641 | D:10     | Reached XP level 12. HP: 48/71 MP: 17/20
 11198 | D:10     | Noticed a two-headed ogre
 11314 | D:10     | Killed a two-headed ogre
 11420 | D:10     | Found an ancient bone altar of Kikubaaqudgha.
 11860 | D:10     | Reached skill level 1 in Air Magic
 11943 | D:10     | HP: 1/71 [vampire/vampiric draining (12)]
 12098 | D:11     | Noticed an ogre mage
 12100 | D:11     | Noticed a two-headed ogre
 12100 | D:11     | Noticed a two-headed ogre
 12130 | D:10     | Killed a two-headed ogre
 12131 | D:10     | Reached skill level 10 in Dodging
 12356 | D:11     | Noticed a boulder beetle
 13028 | D:10     | Killed a boulder beetle
 13128 | D:11     | Noticed a two-headed ogre
 13129 | D:11     | Noticed a two-headed ogre
 13129 | D:11     | Noticed a two-headed ogre
 13468 | D:11     | HP: 3/72 [electric eel/bolt of electricity (14)]
 14058 | D:11     | Found a staircase to the Orcish Mines.
 14529 | D:12     | Noticed a boulder beetle
 14619 | D:12     | Reached skill level 1 in Evocations
 14774 | D:12     | Reached skill level 19 in Stealth
 14774 | D:12     | Reached XP level 13. HP: 45/78 MP: 22/22
 15427 | D:12     | Found a runed translucent door.
 15449 | D:12     | HP: 3/78 [troll (2)]
 15945 | D:12     | Noticed a fire giant
 16105 | D:13     | Noticed a vault guard
 16247 | D:13     | Noticed a centaur warrior
 16248 | D:13     | Noticed an ogre mage
 16339 | D:13     | Noticed a centaur warrior
 16343 | D:13     | HP: 3/79 [centaur warrior/arrow (15)]
 16344 | D:13     | Shot with an arrow by a centaur warrior

Illustrated notes

Levels and vault maps discovered:
D:1:      minmay_arrival_checkered_box, layout_basic
D:2:      layout_loops_ring, st_stairs_5, uniq_robin
D:3:      layout_basic, uniq_natasha
D:4:      layout_basic, general_overflow_altar, minitemple, uniq_duvessa
D:5:      layout_loops_cross, minmay_misc_feat_ornament,
          minmay_increasing_density
D:6:      lemuel_ratsnest, layout_loops_corners,
          nicolae_qazlal_general_emergency, minmay_temple_entry_steel_oval,
          uniq_menkaure, uniq_sigmund
D:7:      layout_loops_ring, enter_bailey_3
D:8:      layout_basic, erik_lair_island, minmay_ruined_shrine
D:9:      layout_basic, yredelemnul_forgotten_temple_becter,
          gammafunk_ghost_necromancy, grunt_tough_drop
D:10:     minmay_ornate_pinched, layout_loops_ring,
          lemuel_coloured_pillars_altar
D:11:     layout_rooms, erik_orc_2, portal_ice_cave_entry_pillars_1
D:12:     minmay_expanding_circles, layout_basic, hangedman_decor_push
D:13:     layout_loops_corners, grunt_vaults_entry_fortified,
          gauntlet_entry_generic, nicolae_shop_firing_range
Temple:   cyrus_circular_temple

Skill      XL: |  1  2  3  4  5  6  7  8  9 10 11 12 13 |
---------------+----------------------------------------+-----
Stealth        | 3 4 5 6 7 8 10 17 18 19 | 19.5
Dodging        | 3 4 5 7 8 9 10 11 | 11.2
Short Blades   | 1 2 4 5 6 7 8 |  8.7
Fighting       | 1 2 3 4 5 6 7 8 |  8.3
Spellcasting   | 3 4 5 6 7 |  7.1
Summonings     | 5 6 7 |  7.8
Hexes          | 1 |  1.7
Air Magic      | 1 2 |  2.3
Evocations     | 1 |  1.0

Action                   |  1- 3 |  4- 6 |  7- 9 | 10-12 | 13-15 || total
-------------------------+-------+-------+-------+-------+-------++-------
Melee: Unarmed           |     9 |       |       |       |       ||     9
       Dagger            |    71 |   146 |   444 |  1191 |   120 ||  1972
       Short sword       |     5 |       |       |       |       ||     5
       Punch             |     1 |     1 |     7 |    24 |     5 ||    38
 Cast: Summon Small Mamm |    12 |       |     2 |       |       ||    14
       Call Imp          |     3 |     3 |     5 |     8 |     1 ||    20
       Call Canine Famil |     1 |    15 |    23 |    55 |    11 ||   105
       Summon Guardian G |       |     1 |     5 |     6 |       ||    12
       Summon Lightning  |       |       |     3 |    52 |     9 ||    64
Evoke: Wand              |       |       |       |     5 |       ||     5
  Use: Scroll            |       |     7 |     7 |     8 |     1 ||    23
       Potion            |       |     2 |     2 |    11 |     1 ||    16
 Stab: Distracted        |     1 |     3 |     6 |    14 |     4 ||    28
       Sleeping          |    18 |    15 |    32 |    22 |     4 ||    91
       Betrayed ally     |       |       |       |       |     1 ||     1
Armor: Robe              |    16 |    28 |    75 |   147 |    18 ||   284
Dodge: Dodged            |    70 |   124 |   428 |   873 |    96 ||  1591

Table legend: (Time is in decaauts)
 A = Elapsed time spent in this place.
 B = Non-inter-level travel time spent in this place.
 C = Inter-level travel time spent in this place.
 D = Time resting spent in this place.
 E = Time spent auto-exploring this place.
 F = Levels seen in this place.
 G = Mean time per level.
                   A        B        C        D        E       F      G
               +--------+--------+--------+--------+--------+-----+--------+
         Total |  15776 |  15346 |    430 |   1916 |   8590 |  15 | 1051.7 |
       Dungeon |  15144 |  14732 |    412 |   1891 |   8275 |  13 | 1164.9 |
        Temple |    114 |     96 |     18 |      0 |     85 |   1 |  114.0 |
        Bailey |    516 |    516 |      0 |     25 |    230 |   1 |  516.0 |
               +--------+--------+--------+--------+--------+-----+--------+

Top non-repeatable levels by time:
    D:10: 1916 daAuts
    D:12: 1691 daAuts
     D:6: 1526 daAuts
    D:11: 1474 daAuts
     D:1: 1331 daAuts
     D:8: 1286 daAuts
     D:5: 1137 daAuts
     D:9: 1092 daAuts
     D:7: 923 daAuts
     D:3: 869 daAuts
     D:2: 866 daAuts
     D:4: 645 daAuts
  Bailey: 516 daAuts
    D:13: 383 daAuts
  Temple: 114 daAuts
